 Dungeon Crawl Stone Soup version 0.28-a0-476-g0f06bd746f (webtiles) character file.

Game seed: 11637225357013414727

8635 robertstho the Protected (level 11, -1/102 HPs)
             Began as a Tengu Berserker on Sept 16, 2021.
             Was an Elder of Trog.
             Slain by a cane toad (9 damage)
             ... on level 1 of the Lair of Beasts.
             The game lasted 00:13:38 (11550 turns).

robertstho the Protected (Tengu Berserker)         Turns: 11550, Time: 00:13:39

Health: -1/102     AC: 20    Str: 21    XL:     11   Next: 33%
Magic:  12/12      EV: 10    Int:  8    God:    Trog [****..]
Gold:   461        SH:  5    Dex: 13    Spells: 10/10 levels left

rFire   + . .      SeeInvis .   u - +1 hand axe (venom)
rCold   . . .      Faith    .   (no shield)
rNeg    . . .      Spirit   .   x - +0 plate armour
rPois   .          Reflect  +   (helmet restricted)
rElec   .          Harm     .   s - +2 cloak
rCorr   .          Rampage  .   h - +0 pair of gloves
Will    .....                   (boots unavailable)
Stlth   ..........              g - amulet of reflection
HPRegen 0.27/turn               n - ring of protection from fire
MPRegen 0.13/turn               (no ring)

@: berserking, lethally poisoned (-1 -> -17), flying quickly and evasively, very
quick
A: beak, talons 3, nimble flight
a: Renounce Religion, Berserk, Trog's Hand, Brothers in Arms


You were on level 1 of the Lair of Beasts.
You worshipped Trog.
Trog was greatly pleased with you.
You visited 2 branches of the dungeon, and saw 11 of its levels.

You collected 461 gold pieces.

Inventory:

Hand Weapons
 a - a +0 hand axe
 o - a +0 war axe
 u - a +1 hand axe of venom (weapon)
 w - a +4 falchion of flaming
Armour
 h - a +0 pair of gloves (worn)
 s - a +2 cloak (worn)
 x - a +0 plate armour (worn)
Jewellery
 g - an amulet of reflection (around neck)
 n - a ring of protection from fire (left hand)
Wands
 y - a wand of iceblast (10)
 A - a wand of flame (8)
 B - a wand of digging (5)
 H - a wand of acid (10)
Scrolls
 b - 2 scrolls of summoning {unknown}
 c - 2 scrolls of blinking {unknown}
 e - 2 scrolls of fear
 m - 3 scrolls of immolation {unknown}
 p - a scroll of enchant armour {unknown}
 q - a scroll of enchant weapon
 r - 4 scrolls of amnesia {unknown}
 t - 2 scrolls of magic mapping
 D - a scroll of fog {unknown}
 E - 2 scrolls of identify
 F - a scroll of vulnerability {unknown}
 G - 2 scrolls of teleportation
 I - a scroll of holy word {unknown}
Potions
 d - a potion of berserk rage
 f - 4 potions of magic
 i - 4 potions of curing
 j - 2 potions of attraction {unknown}
 k - 5 potions of degeneration {unknown}
 l - a potion of might {unknown}
 v - a potion of heal wounds {unknown}
 z - a potion of haste {unknown}
 C - a potion of flight {unknown}


   Skills:
 * Level 8.3 Fighting
 + Level 10.7 Axes
 * Level 12.2 Armour
 + Level 4.0 Dodging
 + Level 2.3 Stealth
 + Level 3.4 Shields


You had 10 spell levels left.
You didn't know any spells.
Your spell library was empty.

Dungeon Overview and Level Annotations

Branches:
Dungeon (10/15)            Temple (0/1) D:7            Lair (1/6) D:10
    Orc (0/2) D:10

Altars:
Hepliaklqana

Shops:
D:10 ([


Innate Abilities, Weirdness & Mutations

You have a beak for a mouth.
You have claws for feet.
Your magical nature lets you fly swiftly and evasively.


Message History

The cane toad stings you but does no damage.
You slash the komodo dragon!
The komodo dragon looks as sick as possible!
Your kick misses the komodo dragon. Your peck misses the komodo dragon.
The komodo dragon is lightly wounded.
You barely miss the cane toad. You slash the plant!
The plant looks as sick as possible!
You hit the cane toad.
The cane toad is lightly wounded.
You hit the komodo dragon but do no damage.
The komodo dragon looks as sick as possible!
You hit the plant.
The plant looks as sick as possible!
A nearby plant withers and dies.
The komodo dragon barely misses you.
You slash the cane toad! You peck the cane toad.
The cane toad is heavily wounded.
You hit the komodo dragon. The cane toad closely misses you.
You hit the komodo dragon.
The komodo dragon looks as sick as possible!
The komodo dragon is moderately wounded.
You hit the cane toad. The komodo dragon bites you!!
* * * LOW HITPOINT WARNING * * *
The cane toad stings you.
* * * LOW HITPOINT WARNING * * *
You are lethally poisoned!
The cane toad poisons you!
Your plate armour prevents you from hitting the cane toad.
The cane toad is severely wounded.
You hit the komodo dragon.
The komodo dragon looks as sick as possible!
* * * LOW HITPOINT WARNING * * *
You feel very sick.
Unknown command.
You hit the komodo dragon.
The komodo dragon looks as sick as possible!
The komodo dragon is heavily wounded.
You hit the cane toad but do no damage.
The cane toad is poisoned.
* * * LOW HITPOINT WARNING * * *
You feel very sick. The cane toad stings you!
You die...

...........# ../........#
##.........# #
#.............##.#
#......l.$......(.
#.................
##.......lF.......
......#+#.@+#.#
......#....>..#
..............#
......#.......#.#
#.....#.......#.### .
#............#...###..
###...P................
..###P#...#.......#........
.........##.#.####........


You could see 2 komodo dragons and a cane toad (very poisoned).

Vanquished Creatures
  Erolcha (D:10)
  A two-headed ogre (D:10)
  A cane toad (Lair:1)
  A komodo dragon (Lair:1)
  Prince Ribbit (D:6)
  A shadow (D:10)
  A wyvern (D:9)
  4 vampire mosquitoes (D:10)
  A steam dragon (D:6)
  Menkaure (D:5)
  7 water moccasins
  An acid dragon (D:6)
  A black bear (D:4)
  A hornet zombie (D:8)
  3 sky beasts
  3 orc warriors
  3 ogres
  5 wolves (D:10)
  3 centaurs (D:10)
  4 bullfrogs
  A scorpion (D:4)
  A wyvern skeleton (D:7)
  9 killer bees
  6 wights (D:8)
  3 howler monkeys (D:8)
  An electric eel (D:10)
  2 lava snakes (D:10)
  2 centaur zombies
  A bullfrog zombie (D:5)
  2 centaur skeletons
  2 jellies
  2 orc priests
  2 gnoll shamans
  4 hounds
  Crazy Yiuf (D:5)
  A bullfrog skeleton (D:6)
  3 iguanas (D:6)
  6 orc wizards
  A killer bee zombie (D:6)
  A hound skeleton (D:5)
  A howler monkey zombie (D:9)
  10 gnolls
  7 adders
  A white imp (D:6)
  4 worms
  24 orcs
  4 ball pythons
  10 endoplasms
  4 giant cockroaches
  7 goblins
  7 hobgoblins
  5 jackals
  7 quokkas
  7 bats
  3 frilled lizards (D:1)
  5 kobolds
  2 rats (D:2)
203 creatures vanquished.

Vanquished Creatures (collateral kills)
  A centaur zombie (D:10)
  A troll (D:10)
  An electric eel (D:10)
3 creatures vanquished.

Vanquished Creatures (others)
  A plant (Lair:1)
1 creature vanquished.

Grand Total: 207 creatures vanquished

Notes
Turn   | Place    | Note
-------+----------+-------------------------------------------
     0 | D:1      | robertstho the Tengu Berserker began the quest for the Orb.
     0 | D:1      | Reached XP level 1. HP: 14/14 MP: 2/2
   126 | D:1      | Reached XP level 2. HP: 13/19 MP: 3/3
   691 | D:1      | Reached XP level 3. HP: 20/23 MP: 4/4
  1172 | D:1      | Reached ** piety under Trog
  1511 | D:2      | Reached skill level 1 in Stealth
  1521 | D:2      | Reached XP level 4. HP: 15/28 MP: 5/5
  2733 | D:3      | Reached skill level 3 in Armour
  2733 | D:3      | Gained mutation: Your magical nature lets you fly swiftly
                  | and evasively. [Tengu growth]
  2733 | D:3      | Reached XP level 5. HP: 16/33 MP: 6/6
  2981 | D:3      | Found a faded altar of an unknown god.
  3092 | D:3      | You are sucked into a shaft and drop 1 floor!
  3115 | D:4      | Reached *** piety under Trog
  3116 | D:4      | Reached XP level 6. HP: 38/38 MP: 7/7
  3215 | D:4      | Reached skill level 4 in Armour
  3549 | D:4      | Reached skill level 5 in Axes
  3551 | D:4      | Noticed a black bear
  3562 | D:4      | Killed a black bear
  3563 | D:4      | Reached XP level 7. HP: 23/44 MP: 8/8
  3986 | D:5      | Entered Level 5 of the Dungeon
  4207 | D:5      | Noticed Menkaure
  4367 | D:5      | Reached skill level 5 in Armour
  4559 | D:5      | Killed Menkaure
  4584 | D:5      | Reached skill level 1 in Shields
  4862 | D:5      | Found a runed translucent door.
  4863 | D:5      | Noticed Crazy Yiuf
  4933 | D:5      | Reached skill level 6 in Armour
  5053 | D:5      | Reached skill level 5 in Fighting
  5053 | D:5      | Reached XP level 8. HP: 42/49 MP: 9/9
  5499 | D:5      | Killed Crazy Yiuf
  5602 | D:6      | Noticed Prince Ribbit
  5617 | D:6      | Killed Prince Ribbit
  5618 | D:6      | Reached skill level 7 in Armour
  6276 | D:6      | Reached skill level 8 in Armour
  6276 | D:6      | Reached XP level 9. HP: 47/54 MP: 10/10
  7142 | D:7      | Found a staircase to the Ecumenical Temple.
  7537 | D:7      | Reached skill level 9 in Armour
  8296 | D:8      | Reached **** piety under Trog
  8311 | D:8      | Reached XP level 10. HP: 61/61 MP: 11/11
  9224 | D:9      | Reached skill level 10 in Armour
  9819 | D:10     | Entered Level 10 of the Dungeon
 10065 | D:10     | Noticed a two-headed ogre
 10072 | D:10     | Killed a two-headed ogre
 10141 | D:10     | Found a staircase to the Lair.
 10156 | D:10     | Reached skill level 10 in Axes
 10168 | D:10     | Reached skill level 11 in Armour
 10313 | D:10     | Reached XP level 11. HP: 68/68 MP: 12/12
 10347 | D:10     | Found Pailis Uzut's Armour Shop.
 10347 | D:10     | Found a staircase to the Orcish Mines.
 10351 | D:10     | Found Zeulabli's Weapon Shop.
 10455 | D:10     | Noticed Erolcha
 10462 | D:10     | Killed Erolcha
 10891 | D:10     | Noticed a skeletal warrior
 10895 | D:10     | Found a hazy altar of Hepliaklqana.
 11142 | D:10     | Reached skill level 12 in Armour
 11225 | Lair:1   | Entered Level 1 of the Lair of Beasts
 11550 | Lair:1   | Slain by a cane toad

Illustrated notes

Levels and vault maps discovered:
D:1:      heliophobic_arrival_glass_houses, layout_loops_ring,
          minmay_crystal_water, minmay_misc_feat_five, roderic_lattice_a
D:2:      layout_loops_ring, corner_web_ring, supply_closet_lemuel,
          hangedman_glass_teeth
D:3:      layout_loops_cross, basic_ecumenical_altar
D:4:      layout_loops_ring, minmay_misc_feat_diagonals
D:5:      layout_loops_cross, uniq_crazy_yiuf_cottage, uniq_menkaure
D:6:      layout_gridville, uniq_prince_ribbit1
D:7:      layout_basic, minmay_temple_entry_proselytizer, nrook_campfire
D:8:      layout_loops_cross
D:9:      layout_irregular_city, dk_vineyard_2, amethyst_killhole,
          minmay_misc_feat_chi
D:10:     layout_roguey, beargit_hepliaklqana_dungeon_heroes, erik_lair_island,
          orc_david_3, kennysheep_potato, uniq_erolcha
Lair:1:   layout_chaotic_city, minivault_24, uniq_grum

Skill      XL: |  1  2  3  4  5  6  7  8  9 10 11 |
---------------+----------------------------------+-----
Stealth        | 1 2 |  2.3
Axes           | 4 5 6 7 9 10 | 10.7
Fighting       | 4 5 6 7 8 |  8.3
Armour         | 3 4 6 8 9 11 12 | 12.2
Dodging        | 3 4 |  4.0
Shields        | 1 2 3 |  3.4

Action                   |  1- 3 |  4- 6 |  7- 9 | 10-12 || total
-------------------------+-------+-------+-------+-------++-------
Melee: Hand axe          |    65 |    86 |    97 |   215 ||   463
       Kick              |    15 |    39 |    58 |    71 ||   183
       Peck              |     6 |    14 |    44 |    40 ||   104
       War axe           |       |    13 |   133 |       ||   146
Invok: Berserk           |     1 |     3 |    10 |     8 ||    22
       Trog's Hand       |       |     1 |     2 |     2 ||     5
       Brothers in Arms  |       |       |       |     1 ||     1
  Use: Scroll            |     3 |       |     3 |     3 ||     9
       Potion            |       |     1 |     1 |     2 ||     4
 Stab: Sleeping          |     6 |       |       |       ||     6
Armor: Animal skin       |     6 |       |       |       ||     6
       Scale mail        |     2 |    42 |    10 |       ||    54
       Chain mail        |       |       |    55 |       ||    55
       Plate armour      |       |       |    44 |   134 ||   178
Dodge: Dodged            |    35 |    74 |   104 |   117 ||   330
Block: Other             |     4 |    26 |    41 |    46 ||   117
       Reflection        |       |       |     1 |       ||     1

Table legend: (Time is in decaauts)
 A = Elapsed time spent in this place.
 B = Non-inter-level travel time spent in this place.
 C = Inter-level travel time spent in this place.
 D = Time resting spent in this place.
 E = Time spent auto-exploring this place.
 F = Levels seen in this place.
 G = Mean time per level.
                   A        B        C        D        E       F      G
               +--------+--------+--------+--------+--------+-----+--------+
         Total |  11250 |  10916 |    334 |   1812 |   7562 |  11 | 1022.7 |
       Dungeon |  10929 |  10595 |    334 |   1605 |   7490 |  10 | 1092.9 |
          Lair |    321 |    321 |      0 |    207 |     72 |   1 |  321.0 |
               +--------+--------+--------+--------+--------+-----+--------+

Top non-repeatable levels by time:
     D:1: 1455 daAuts
     D:5: 1328 daAuts
     D:6: 1249 daAuts
     D:2: 1232 daAuts
    D:10: 1160 daAuts
     D:4: 1135 daAuts
     D:9: 1044 daAuts
     D:7: 1028 daAuts
     D:8: 871 daAuts
     D:3: 422 daAuts
  Lair:1: 321 daAuts
